 Dungeon Crawl Stone Soup version 0.30-a0-54-g2e61a25929 (webtiles) character file.

Game seed: 7938825889703739469

8 jlumianski the Ducker (level 2, -2/22 HPs)
             Began as a Demonspawn Gladiator on Sept 9, 2022.
             Slain by a quokka (3 damage)
             ... on level 2 of the Dungeon.
             The game lasted 00:01:28 (690 turns).

jlumianski the Ducker (Demonspawn Gladiator)         Turns: 690, Time: 00:01:28

Health: -2/22      AC:  4    Str: 14    XL:     2   Next: 0%
Magic:  2/2        EV: 12    Int:  9    God:
Gold:   30         SH:  0    Dex: 14    Spells: 1/1 levels left

rFire   . . .      SeeInvis .    a - +0 war axe
rCold   . . .      Faith    .    (no shield)
rNeg    . . .      Spirit   .    b - +0 leather armour
rPois   .          Reflect  .    c - +0 helmet
rElec   .          Harm     .    (no cloak)
rCorr   .          Rampage  .    (no gloves)
Will    .....                    (no boots)
Stlth   +.........               (no amulet)
HPRegen 0.07/turn                (no ring)
MPRegen 0.16/turn                (no ring)

@: no status effects
A: magic regeneration
a: no special abilities


You were on level 2 of the Dungeon.
You visited 1 branch of the dungeon, and saw 3 of its levels.

You collected 30 gold pieces.

Inventory:

Hand Weapons
 a - a +0 war axe (weapon)
Missiles
 d - 3 throwing nets (quivered)
 e - a javelin
Armour
 b - a +0 leather armour (worn)
 c - a +0 helmet (worn)
Scrolls
 f - 4 scrolls of identify {unknown}
 g - 3 scrolls of teleportation {unknown}
 i - a scroll of magic mapping {unknown}
Potions
 h - a potion of berserk rage {unknown}
 j - a potion of flight {unknown}


   Skills:
 + Level 2.0 Fighting
 + Level 2.8 Axes
 + Level 1.8 Throwing
 + Level 0.3 Armour
 + Level 2.9 Dodging
 + Level 0.2 Stealth


You had one spell level left.
You didn't know any spells.
Your spell library was empty.

Dungeon Overview and Level Annotations

Branches:
Dungeon (3/15)

Altars:
Yredelemnul


Innate Abilities, Weirdness & Mutations

You regenerate magic rapidly.


Message History

A quokka comes into view.
The quokka closely misses you. The quokka bites you.
You hit the quokka.
The quokka is moderately wounded.
The quokka barely misses you.
You closely miss the quokka.
The quokka is moderately wounded.
The quokka bites you. x2
You hit the quokka but do no damage.
The quokka is moderately wounded.
The quokka closely misses you. The quokka barely misses you.
You closely miss the quokka.
The quokka is moderately wounded.
The quokka closely misses you.
You barely miss the quokka.
The quokka is moderately wounded.
The quokka bites you. The quokka closely misses you.
You barely miss the quokka. You punch the quokka, but do no damage.
The quokka is moderately wounded.
The quokka bites you.
The quokka bites you but does no damage.
You closely miss the quokka.
The quokka is moderately wounded.
The quokka misses you.
You closely miss the quokka.
The quokka is moderately wounded.
The quokka bites you but does no damage.
The quokka closely misses you.
You hit the quokka.
The quokka is severely wounded.
The quokka bites you.
* * * LOW HITPOINT WARNING * * *
You barely miss the quokka.
The quokka is severely wounded.
The quokka barely misses you. The quokka bites you.
* * * LOW HITPOINT WARNING * * *
You barely miss the quokka.
The quokka is severely wounded.
The quokka bites you.
You die...

.# ######### .#
........# .#
#######.# .# #####
#.# .# #...# #.# .#
# ....#
#.##########.##...#
#...#
#.........@r....#
##.##
######.########...#
#.# #.# # #.# ##.##
#.# #...# #.#
###...### #.#
##.......# #.#
#........# #.#
#........#


You could see a quokka.

Vanquished Creatures
  A bat (D:1)
  A goblin (D:2)
  2 hobgoblins
  A ball python (D:2)
  2 frilled lizards (D:1)
  A rat (D:1)
8 creatures vanquished.

Notes
Turn   | Place    | Note
-------+----------+-------------------------------------------
     0 | D:1      | jlumianski the Demonspawn Gladiator began the quest for the
                  | Orb.
     0 | D:1      | Reached XP level 1. HP: 16/16 MP: 1/1
    85 | D:1      | Found a faded altar of an unknown god.
   271 | D:2      | Found a basalt altar of Yredelemnul.
   676 | D:2      | Gained mutation: You regenerate magic rapidly. [demonic
                  | ancestry]
   676 | D:2      | Reached XP level 2. HP: 19/22 MP: 2/2
   689 | D:2      | HP: 1/22 [quokka (3)]
   690 | D:2      | Slain by a quokka

Illustrated notes

Levels and vault maps discovered:
D:1:      scummos_arrival_simple_fountains, layout_basic, serial_curves,
          eino_curves_03, eino_curves_02, ebering_ecumenical_altar_sacrificial,
          minmay_misc_feat_encased, minmay_shallow_snake_nest
D:2:      layout_loops_ring, serial_shops, nicolae_shop_crystal, basic_altar
D:3:      layout_loops_corners, mainiacjoe_overflow_alcove_3

Action                   || total
-------------------------++-------
Melee: War axe           ||    32
       Punch             ||     1
 Stab: Sleeping          ||     1
Armor: Leather armour    ||     9
Dodge: Dodged            ||    17

Table legend: (Time is in decaauts)
 A = Elapsed time spent in this place.
 B = Non-inter-level travel time spent in this place.
 C = Inter-level travel time spent in this place.
 D = Time resting spent in this place.
 E = Time spent auto-exploring this place.
 F = Levels seen in this place.
 G = Mean time per level.
                   A        B        C        D        E       F      G
               +--------+--------+--------+--------+--------+-----+--------+
         Total |    700 |    700 |      0 |    263 |    223 |   3 |  233.3 |
       Dungeon |    700 |    700 |      0 |    263 |    223 |   3 |  233.3 |
               +--------+--------+--------+--------+--------+-----+--------+

Top non-repeatable levels by time:
     D:2: 441 daAuts
     D:1: 250 daAuts
     D:3: 8 daAuts
